 Dungeon Crawl Stone Soup version 0.30-a0-364-gf6b3ef1049 (webtiles) character file.

Game seed: 12400833081636549658

77 mcwallace the Sneak (level 4, -1/32 HPs)
             Began as a Vampire Enchanter on Nov 15, 2022.
             Slain by a kobold
             ... wielding a +0 club
              (3 damage)
             ... on level 3 of the Dungeon.
             The game lasted 00:03:32 (2154 turns).

mcwallace the Sneak (Vampire Enchanter)             Turns: 2154, Time: 00:03:32

Health: -1/32      AC:  2    Str:  7    XL:     4   Next: 14%
Magic:  0/7        EV: 13    Int: 17    God:
Gold:   132        SH:  0    Dex: 16    Spells: 2/7 levels left

rFire   . . .      SeeInvis +    a - +1 dagger {short}
rCold   . . .      Faith    .    (no shield)
rNeg    . . .      Spirit   .    b - +0 robe
rPois   .          Reflect  .    (no helmet)
rElec   .          Harm     .    (no cloak)
rCorr   .          Rampage  .    (no gloves)
Will    .....                    (no boots)
Stlth   +++.......               (no amulet)
HPRegen 0.45/turn                (no ring)
MPRegen 0.10/turn                (no ring)

@: healing quickly
A: alive, fangs 3, see invisible, vampiric 2
a: Exsanguinate


You were on level 3 of the Dungeon.
You visited 1 branch of the dungeon, and saw 3 of its levels.

You collected 132 gold pieces.


Innate Abilities, Weirdness & Mutations

Your natural rate of healing is accelerated.
You have razor-sharp teeth.
You have supernaturally acute eyesight. (SInv)
You are afflicted with vampirism and can become a bat while bloodless.


   Skills:
 + Level 1.2 Fighting
 + Level 2.0 Short Blades
 + Level 2.7 Dodging
 + Level 5.1 Stealth
 + Level 2.3 Spellcasting
 + Level 5.0 Hexes


You had 2 spell levels left.
You knew the following spells:

 Your Spells              Type           Power      Damage    Failure   Level
a - Ensorcelled Hibernat  Hex/Ice        20%        N/A       10%         2
b - Tukima's Dance        Hex            19%        N/A       7%          3

Your spell library contained the following spells:

 Spells                   Type           Power      Damage    Failure   Level
 Confusing Touch          Hex            19%        N/A       7%          3
 Dazzling Flash           Conj/Hex       20%        N/A       21%         3
 Stone Arrow              Conj/Erth      4%         3d7       50%         3
 Animate Armour           Summ/Erth      4%         N/A       88%         4
 Lehudib's Crystal Spear  Conj/Erth      1%         10d2      100%        8

Inventory:

Hand Weapons
 a - a +1 dagger (weapon) {short}
Missiles
 i - 20 stones (quivered) {throwing}
Armour
 b - a +0 robe (worn)
 f - a +0 leather armour
   (You found it on level 1 of the Dungeon)
 l - a +0 leather armour
   (You found it on level 1 of the Dungeon)
 q - a +0 ring mail
   (You found it on level 2 of the Dungeon)
Wands
 k - a wand of polymorph (6)
   (You found it on level 1 of the Dungeon)
Scrolls
 d - 4 scrolls of identify {unknown}
 e - a scroll of amnesia {unknown}
 g - a scroll of blinking {unknown}
 h - 2 scrolls of enchant weapon {unknown}
 j - a scroll of poison {unknown}
 m - 3 scrolls of butterflies {unknown}
 o - a scroll of noise {unknown}
Potions
 c - 3 potions of invisibility
 n - a potion of lignification {unknown}
 p - a potion of curing {unknown}

Dungeon Overview and Level Annotations

Branches:
Dungeon (3/15) Zot: 15854

Altars:

Annotations:
D:3 Terence

### #.. .#.. #.#
.#.# #.# #...
#.# ...# #.#
###.#.#
#.#####.....#.#.
#.....#)#K.....)
#.###..)@@b#
#.##...###l#
#.##.#.# ..
#.##...# ...
#####.####.. .##
#.....# ##.# ..
#.###### $. .
#......# #.
##>###.#


You could see Terence, a bat, a kobold and a frilled lizard.


Message History

Aiming: Ensorcelled Hibernation (safe; 11% risk of failure)
Press: ? - help, Shift-Dir - straight line, f - adder
Aim: an adder (chance to affect: 52%)
The adder resists with significant effort.
The kobold shouts!
The rat bites you.
The adder closely misses you. 😮 HP[-1] MP[-2]
You take 1 damage, and now have 19/26 hp.
You lost 2 mp, and now have 4/6 mp.
You closely miss the adder. You bite the adder. The rat barely misses you.
The adder misses you. 😕 HP[+1]
You miss the adder. The adder bites you but does no damage.
The rat closely misses you.
You hit the adder. The adder misses you. The rat bites you. 😮 HP[-1]
You take 1 damage, and now have 19/26 hp.
You hit the adder. The adder closely misses you. The rat closely misses you.
The adder bites you but does no damage. 😕 HP[+1]
You hit the adder. Your bite misses the adder. The rat misses you.
The adder completely misses you.
You closely miss the adder. Your bite misses the adder.
The adder bites you but does no damage. The rat closely misses you. 😕 HP[+1]
You hit the adder but do no damage. The adder barely misses you.
The rat bites you. 😮 HP[-2]
You take 2 damage, and now have 19/26 hp.
You miss the adder. The adder bites you but does no damage.
The rat bites you. 😮 HP[-1]
You take 1 damage, and now have 18/26 hp.
You closely miss the adder. You bite the adder.
You kill the adder!
You have reached level 4! 😮 HP[+5]
You now have 32 max hp (+6).
You regained 5 hp, and now have 23/32 hp.
You hit the rat.
You kill the rat!
The bat hits you. 😮 MP[+1]
Casting: Ensorcelled Hibernation (safe; 10% risk of failure)
Confirm with . or Enter, or press ? or * to list all spells.
The spell is quite dangerous to miscast (7% risk of failure)!
Continue anyway?
Aiming: Tukima's Dance (quite dangerous; 7% risk of failure)
Press: ? - help, Shift-Dir - straight line, f - Terence
Aim: Terence, wielding a +3 flail and wearing a +3 scale mail of poison resistance (chance to affect: 61%) Terence resists with significant effort.
The bat hits you.
The kobold hits you with a +0 club. 😮 HP[-3] MP[-3]
You take 3 damage, and now have 20/32 hp.
You lost 3 mp, and now have 2/7 mp.
Casting: Tukima's Dance (quite dangerous; 7% risk of failure)
Confirm with . or Enter, or press ? or * to list all spells.
Aiming: Ensorcelled Hibernation (safe; 10% risk of failure)
Press: ? - help, Shift-Dir - straight line, f/p - Terence
Aim: Terence, wielding a +3 flail and wearing a +3 scale mail of poison resistance (chance to affect: 52%) Terence resists with significant effort.
The bat barely misses you. The kobold hits you with a +0 club.
* * * LOW HITPOINT WARNING * * *
The bat completely misses you. 😨 HP[-4] MP[-2]
You take 4 damage, and now have 16/32 hp.
You lost 2 mp, and now have 0/7 mp.
You barely miss the goblin. You bite the goblin.
You kill the goblin!
The bat hits you but does no damage. The kobold closely misses you. 😮 HP[+1]
You hit Terence but do no damage.
An endoplasm comes into view.
Terence barely misses you. The kobold hits you but does no damage.
You barely miss Terence. You bite Terence, but do no damage.
Terence closely misses you.
The kobold hits you but does no damage. 😮 HP[+1]
You hit Terence. The kobold hits you but does no damage.
Terence says, "How do you enjoy it?" Terence misses you.
You hit the endoplasm but do no damage. The kobold closely misses you.
The endoplasm hits you.
* * * LOW HITPOINT WARNING * * *
Terence hits you with a +3 flail.
* * * LOW HITPOINT WARNING * * *
😨 HP[-9]
You take 9 damage, and now have 9/32 hp.
MASSIVE DAMAGE!! (PAUSE)
You hit the endoplasm but do no damage. You bite the endoplasm.
The kobold misses you. The endoplasm freezes you.
You are frozen.
* * * LOW HITPOINT WARNING * * *
Terence hits you with a +3 flail.
* * * LOW HITPOINT WARNING * * *
😱 HP[-7]
You take 7 damage, and now have 2/32 hp.
MASSIVE DAMAGE!! (PAUSE)
You hit the endoplasm.
You kill the endoplasm!
The kobold hits you with a +0 club.
You die...

Skill      XL: |  1  2  3 |
---------------+----------+-----
Fighting       | 1 |  1.2
Stealth        | 5 |  5.1
Hexes          | 5 |  5.0
Short Blades   | 2 |  2.0
Dodging        | |  2.7
Spellcasting   | |  2.3

Action                   |  1- 3 |  4- 6 || total
-------------------------+-------+-------++-------
Melee: Dagger            |   121 |     8 ||   129
       Punch             |     1 |       ||     1
       Bite              |    13 |     3 ||    16
 Cast: Ensorcelled Hiber |     5 |     1 ||     6
       Tukima's Dance    |     1 |     1 ||     2
 Stab: Sleeping          |    14 |       ||    14
Armor: Robe              |    20 |     4 ||    24
Dodge: Dodged            |    77 |     8 ||    85

Levels and vault maps discovered:
D:1:      spicycebolla_arrival_ecumenical, layout_loops_ring, serial_forest,
          infiniplex_forest_zigzag_2, infiniplex_forest_zigzag_1,
          infiniplex_forest_clump_curved, infiniplex_forest_end_3,
          infiniplex_forest_split, infiniplex_forest_lined_room_, hex_tiny,
          minivault_5, nicolae_concentric_dashed_squares_wild,
          minmay_misc_feat_tiny
D:2:      layout_basic, minmay_misc_feat_more_columns, minmay_statues_item
D:3:      layout_loops_ring, minmay_overflow_temple_hex,
          nicolae_overflow_squiral, minmay_fractal_squares_5, uniq_natasha,
          uniq_terence

Notes
Turn   | Place    | Note
-------+----------+-------------------------------------------
     0 | D:1      | mcwallace the Vampire Enchanter began the quest for the
                  | Orb.
     0 | D:1      | Reached XP level 1. HP: 13/13 MP: 3/3
     0 | D:1      | magus.rc [v1.9.6]
   377 | D:1      | Reached XP level 2. HP: 20/20 MP: 5/5
   692 | D:1      | Gained mutation: You are afflicted with vampirism and can
                  | become a bat while bloodless. [Vampire growth]
   692 | D:1      | Reached XP level 3. HP: 25/25 MP: 6/6
  1146 | D:1      | Learned a level 2 spell: Ensorcelled Hibernation
  1150 | D:1      | Learned a level 3 spell: Tukima's Dance
  1384 | D:2      | Reached skill level 1 in Fighting
  1465 | D:2      | Reached skill level 5 in Stealth
  1890 | D:2      | You pick up a book of Armaments and begin reading...
  1890 | D:2      | You add the spells Stone Arrow, Animate Armour and
                  | Lehudib's Crystal Spear to your library.
  2124 | D:3      | Noticed Terence
  2130 | D:3      | Reached skill level 5 in Hexes
  2135 | D:3      | Reached skill level 2 in Short Blades
  2145 | D:3      | Reached XP level 4. HP: 23/32 MP: 4/7
  2153 | D:3      | HP: 5/32 [frozen (5)]
  2153 | D:3      | HP: 2/32 [Terence/+3 flail (3)]
  2154 | D:3      | Slain by a kobold

Vanquished Creatures
  3 adders
  A worm (D:2)
  A dart slug (D:1)
  6 ball pythons
  3 bats
  3 endoplasms
  2 giant cockroaches (D:1)
  5 goblins
  5 hobgoblins
  6 kobolds
  A quokka (D:3)
  2 frilled lizards (D:1)
  9 rats
47 creatures vanquished.

Table legend:
 A = Non-vault XP
 B = Vault XP
 C = Vault XP percentage of total XP
 D = Non-vault monster count
 E = Vault monster count
 F = Vault count percentage of total count
                 A         B        C        D         E       F
            +---------+---------+-------+---------+---------+-------
      Total |      96 |      17 |  15.0 |      44 |       3 |   6.4
            +---------+---------+-------+---------+---------+-------
        D:1 |      45 |       0 |   0.0 |      26 |       0 |   0.0
        D:2 |      44 |       0 |   0.0 |      13 |       0 |   0.0
        D:3 |       7 |      17 |  70.8 |       5 |       3 |  37.5
            +---------+---------+-------+---------+---------+-------

Illustrated notes

Table legend:
 A = Kills in this place as a percentage of kills in entire the game.
 B = Kills by you in this place as a percentage of kills by you in the entire game.
 C = Kills by friends in this place as a percentage of kills by friends in the entire game.
 D = Other kills in this place as a percentage of other kills in the entire game.
 E = Experience gained in this place as a percentage of experience gained in the entire game.
 F = Experience gained in this place divided by the number of levels of this place that you have seen.
                   A       B       C       D       E      F
               +-------+-------+-------+-------+-------+----------------------
         Total | 100.0 | 100.0 |   N/A |   N/A | 100.0 |  37.7
       Dungeon | 100.0 | 100.0 |   N/A |   N/A | 100.0 |  37.7
               +-------+-------+-------+-------+-------+----------------------

Table legend: (Time is in decaauts)
 A = Elapsed time spent in this place.
 B = Non-inter-level travel time spent in this place.
 C = Inter-level travel time spent in this place.
 D = Time resting spent in this place.
 E = Time spent auto-exploring this place.
 F = Levels seen in this place.
 G = Mean time per level.
                   A        B        C        D        E       F      G
               +--------+--------+--------+--------+--------+-----+--------+
         Total |   2144 |   2108 |     36 |     57 |   1714 |   3 |  714.7 |
       Dungeon |   2144 |   2108 |     36 |     57 |   1714 |   3 |  714.7 |
               +--------+--------+--------+--------+--------+-----+--------+

Top non-repeatable levels by time:
     D:1: 1231 daAuts
     D:2: 860 daAuts
     D:3: 52 daAuts
